 Dungeon Crawl Stone Soup version 0.31-a0-222-gefeffbb62a (webtiles) character file.

Game seed: 102274306292281954

30 qw the Shooter (level 3, -5/29 HPs)
             Began as a Minotaur Hexslinger on July 4, 2023.
             Slain by a gnoll
             ... wielding a +0 flail
              (6 damage)
             ... on level 2 of the Dungeon.
             The game lasted 00:00:27 (1223 turns).

qw the Shooter (Minotaur Hexslinger)                Turns: 1223, Time: 00:00:27

Health: -5/29      AC:  5    Str: 12    XL:     3   Next: 3%
Magic:  3/3        EV: 11    Int: 10    God:
Gold:   29         SH:  0    Dex: 14    Spells: 3/4 levels left

rFire   . . .        Y - +1 sling
rCold   . . .        (no shield)
rNeg    . . .        a - +0 ring mail
rPois   .            (helmet restricted)
rElec   .            (no cloak)
rCorr   .            (no gloves)
SInv    .            (no boots)
Will    .....        g - amulet of the acrobat
Stlth   +            (no ring)
HPRegen 0.24/turn    (no ring)
MPRegen 0.08/turn

%: acrobat
@: no status effects
A: horns 2, retaliatory headbutt
a: no special abilities


You were on level 2 of the Dungeon.
You visited 1 branch of the dungeon, and saw 2 of its levels.

You collected 65 gold pieces.
You spent 36 gold pieces at shops.


Innate Abilities, Weirdness & Mutations

You have a pair of horns on your head.
You reflexively headbutt those who attack you in melee.


   Skills:
 - Level 2.0 Fighting
 + Level 3.6 Ranged Weapons
 - Level 2.1 Dodging
 - Level 1.0 Spellcasting
 - Level 2.0 Hexes


You had 3 spell levels left.
You knew the following spells:

 Your Spells              Type           Power      Damage    Failure   Level
a - Slow                  Hex            16%        N/A       34%         1

Your spell library contained the following spells:

 Spells                   Type           Power      Damage    Failure   Level
 Inner Flame              Hex/Fire       2%         N/A       83%         3
 Portal Projectile        Hex/Tloc       4%         N/A       83%         3
 Cause Fear               Hex            2%         N/A       98%         4

Inventory:

Hand Weapons
 Y - a +1 sling (weapon)
Armour
 a - a +0 ring mail (worn)
Jewellery
 g - an amulet of the acrobat (around neck)
Scrolls
 c - a scroll of amnesia {unknown}
Potions
 b - a potion of curing
 d - a potion of cancellation {unknown}
 f - a potion of lignification {unknown}
 i - a potion of might {unknown}
 j - a potion of brilliance {unknown}
 k - a potion of degeneration {unknown}

Dungeon Overview and Level Annotations

Branches:
Dungeon (2/15)

Altars:

Shops:
D:1 *


Message History

Enter note:
Enter note: A gnoll comes into view. It is wielding a +0 flail.
The gnoll shouts!
You hear a shout!
Enter note:
Enter note:
Enter note:
Enter note:
Enter note:
Enter note: You shoot a sling bullet.
The sling bullet completely misses the gnoll.
A gnoll is nearby!
Enter note:
Enter note:
Enter note:
Enter note:
Enter note:
Enter note: You shoot a sling bullet.
The sling bullet hits the gnoll.
The gnoll is moderately wounded.
You shoot a sling bullet. The sling bullet hits the gnoll.
The gnoll is moderately wounded.
You shoot a sling bullet.
The sling bullet hits the gnoll but does no damage.
The gnoll is moderately wounded.
The gnoll hits you with a +0 flail!
You shoot a sling bullet. The sling bullet hits the gnoll.
The gnoll is heavily wounded.
The gnoll hits you with a +0 flail.
You shoot a sling bullet. The sling bullet hits the gnoll.
The gnoll is heavily wounded.
The gnoll hits you with a +0 flail. The gnoll hits you with a +0 flail!
You shoot a sling bullet. The sling bullet hits the gnoll.
The gnoll is almost dead.
The gnoll hits you with a +0 flail!
You shoot a sling bullet.
The sling bullet closely misses the gnoll.
The gnoll hits you with a +0 flail.
You die...

## ### .#########.#
...........#
........%#.#
########.#.#
........(#.#############
##########..............
######..........@g...##
......................#
######.##.########?#..#
#.##........#.# .# ###
#.########..# # .
..##.#.. #...#
###.##.#.# #...#
.....#.#.# #..<#
..)....#.# #####


You could see a gnoll.

Vanquished Creatures
  A dart slug (D:1)
  2 ball pythons (D:1)
  2 endoplasms (D:1)
  3 giant cockroaches (D:1)
  2 hobgoblins (D:2)
  3 kobolds
  2 quokkas (D:2)
  2 bats (D:2)
  3 frilled lizards
  3 goblins (D:1)
  4 rats
27 creatures vanquished.

Notes
Turn   | Place    | Note
-------+----------+-------------------------------------------
     0 | D:1      | qw the Minotaur Hexslinger began the quest for the Orb.
     0 | D:1      | Reached XP level 1. HP: 16/16 MP: 1/1
     0 | D:1      | 0 ||| qw: Version: 0.3-a-46-gb1f654a
     0 | D:1      | 0 ||| qw: Game counter: 935
     0 | D:1      | 0 ||| qw: Melee chars always use a shield: true
     0 | D:1      | 0 ||| qw: God list: Okawaru
     0 | D:1      | 0 ||| qw: Allow faded altars: false
     0 | D:1      | 0 ||| qw: Do Orc after clearing Dungeon:15 true
     0 | D:1      | 0 ||| qw: Do second Lair branch before Depths: true
     0 | D:1      | 0 ||| qw: Lair rune preference: random
     0 | D:1      | 0 ||| qw: Goals: Normal
     0 | D:1      | 0 ||| PLANNING D:1-11
   185 | D:1      | You fall into a shaft and drop 1 floor!
   198 | D:2      | HP: 4/16 [hobgoblin (1)]
   200 | D:2      | Reached skill level 3 in Ranged Weapons
   200 | D:2      | Reached XP level 2. HP: 7/23 MP: 2/2
   418 | D:2      | 418 ||| UPGRADING to +0 leather armour.
   428 | D:2      | 428 ||| DROPPING +0 robe.
   429 | D:2      | 429 ||| READING scroll labelled HEFIDA ETSATH.
   530 | D:2      | 530 ||| DROPPING scroll of poison.
   581 | D:1      | Found Ysecau's General Store.
   589 | D:1      | 589 ||| BUYING potion of curing (36 gold).
   589 | D:1      | Bought a potion of curing for 36 gold pieces
   589 | D:1      | 589 ||| SHOPLISTING scroll of acquirement (624 gold, have
                  | 6).
   589 | D:1      | 589 ||| SHOPLISTING scroll of teleportation (36 gold, have
                  | 6).
  1093 | D:1      | 1093 ||| UPGRADING to +0 ring mail.
  1103 | D:1      | 1103 ||| DROPPING +0 leather armour.
  1104 | D:1      | 1104 ||| UPGRADING to amulet of the acrobat.
  1109 | D:1      | 1109 ||| READING scroll labelled FIEPHI HEASO.
  1110 | D:1      | 1110 ||| DRINKING 2 fizzy puce potions.
  1111 | D:1      | 1111 ||| DRINKING 2 potions of curing.
  1111 | D:1      | 1111 ||| (to cure confusion)
  1112 | D:1      | 1112 ||| DROPPING potion of ambrosia.
  1152 | D:2      | Reached XP level 3. HP: 29/29 MP: 3/3
  1222 | D:2      | HP: 1/29 [gnoll/+0 flail (7)]
  1223 | D:2      | Slain by a gnoll

Levels and vault maps discovered:
D:1:      dpeg_arrival_round_c, layout_basic, serial_shops, shop
D:2:      layout_basic, minmay_cut_off

Skill      XL: |  1  2 |
---------------+-------+-----
Ranged Weapons | 3 |  3.6
Fighting       | 2 |  2.0
Dodging        | |  2.1
Spellcasting   | |  1.0
Hexes          | |  2.0

Action                     || total
---------------------------++-------
   Fire: Sling             ||    97
    Use: Scroll            ||     2
         Potion            ||     2
 Armour: Robe              ||     9
         Leather armour    ||     5
  Dodge: Dodged            ||    47

Table legend:
 A = Non-vault XP
 B = Vault XP
 C = Vault XP percentage of total XP
 D = Non-vault monster count
 E = Vault monster count
 F = Vault count percentage of total count
                 A         B        C        D         E       F
            +---------+---------+-------+---------+---------+-------
      Total |      43 |       0 |   0.0 |      27 |       0 |   0.0
            +---------+---------+-------+---------+---------+-------
        D:1 |      28 |       0 |   0.0 |      16 |       0 |   0.0
        D:2 |      15 |       0 |   0.0 |      11 |       0 |   0.0
            +---------+---------+-------+---------+---------+-------
